 Dungeon Crawl Stone Soup version 0.30.1-1-g62c8e00024 (webtiles) character file.

Game seed: 14831449257136554410

184 CrazyBamboolord the Insei (level 5, -3/57 HPs)
             Began as a Merfolk Transmuter on July 15, 2023.
             Slain by a sleepcap (8 damage)
             ... on level 6 of the Dungeon.
             The game lasted 00:04:38 (2039 turns).

CrazyBamboolord the Insei (Merfolk Transmuter)      Turns: 2039, Time: 00:04:39

Health: -3/57      AC:  2    Str:  9 (11) XL:     5   Next: 63%
Magic:  6/8        EV: 13    Int: 12 (14) God:
Gold:   93         SH:  0    Dex: 12 (14) Spells: 3/9 levels left

rFire   . .          .
                       - Unarmed
rCold   . . .        (no shield)
rNeg    + + .        a - +0 robe
rPois   .            (helmet currently unavailable)
rElec   .            (no cloak)
rCorr   .            (no gloves)
SInv    .            (boots currently unavailable)
Will    .....        (no amulet) Stlth
                     h - ring of positive energy
HPRegen 0.29/turn    q - ring of positive energy
MPRegen 0.11/turn

%: no passive effects
@: berserking, lethally poisoned (-3 -> -6), appendages, very quick
A: horns 2, (nimble swimmer 2), mertail
a: End Transformation


You were on level 6 of the Dungeon.
You had temporarily grown beastly horns.
You visited 1 branch of the dungeon, and saw 4 of its levels.

You collected 93 gold pieces.

Inventory:

Armour
 a - a +0 robe (worn)
Jewellery
 h - a ring of positive energy (left hand)
 j - a +6 ring of dexterity
 q - a ring of positive energy (right hand)
Scrolls
 c - a scroll of blinking {unknown}
 d - a scroll of magic mapping {unknown}
 g - 2 scrolls of teleportation {unknown}
 m - a scroll of noise {unknown}
 n - a scroll of identify {unknown}
Potions
 b - a potion of lignification
 i - a potion of heal wounds {unknown}
 k - a potion of mutation {unknown}
 l - a potion of curing {unknown}
 o - a potion of ambrosia {unknown}
 p - a potion of might {unknown}


   Skills:
 * Level 2.0 Fighting
 * Level 3.6 Dodging
 + Level 0.6 Stealth
 * Level 4.7 Unarmed Combat
 * Level 2.5 Spellcasting
 * Level 3.7 Transmutations
 * Level 1.7 Poison Magic


You had 3 spell levels left.
You knew the following spells:

 Your Spells              Type           Power      Damage    Failure   Level
a - Beastly Appendage     Tmut           20%        N/A       5%          1
b - Wereblood             Tmut           10%        N/A       9%          2
c - Spider Form           Tmut/Pois      8%         N/A       26%         3

Your spell library contained the following spells:

 Spells                   Type           Power      Damage    Failure   Level
 Ice Form                 Ice/Tmut       6%         N/A       75%         4


Dungeon Overview and Level Annotations

Branches:
Dungeon (3/15)

Altars:
Xom

Shops:
D:3 :

Annotations:
D:3 1 runed translucent door, faxtax's ghost, amateur DsNe


Innate Abilities, Weirdness & Mutations

You have temporarily grown beastly horns.
((You are very nimble when in or above water. (Stealth+, EV+, Speed+++)))
Your lower body shifts to a powerful aquatic tail in water.


Message History

The water moccasin bites you.
You are poisoned.
The water moccasin poisons you!
You hit the water moccasin but do no damage.
You headbutt the water moccasin!
The water moccasin is moderately wounded.
You feel very sick. The water moccasin barely misses you.
The water moccasin bites you.
You punch the water moccasin!
Your headbutt misses the water moccasin.
The water moccasin is severely wounded.
You feel sick. The water moccasin barely misses you.
You hit the water moccasin.
The water moccasin is almost dead.
You feel sick.
The water moccasin bites you but does no damage.
You closely miss the water moccasin.
The water moccasin is almost dead.
You feel sick. The water moccasin barely misses you.
You hit the water moccasin.
You kill the water moccasin!
You feel sick. The sleepcap releases spores at you!
* * * LOW HITPOINT WARNING * * *
You are engulfed in a cloud of soporific spores!
You fall asleep.
You wake up.
Your Fighting skill increases to level 2!
You have reached level 5!
You feel stronger.
It was a potion of degeneration.
There was something very wrong with that liquid.
You feel weakened.
You feel dopey.
You feel clumsy.
* * * LOW HITPOINT WARNING * * *
You feel sick. The sleepcap misses you.
Unknown command.
It was a potion of berserk rage.
A red film seems to cover your vision as you go berserk!
You feel yourself moving faster!
You feel mighty!
You feel sick. The sleepcap releases spores at you!
You die...

....>....#
.........#
.........# #
!........# .#
.........# .##
........!##...#
.......f.<..#
#....@.#
#......# #
#####.###.#..
###.......# #.
#.....##### .
#.## #.##.##
#.#. ..# #.# ##
.#.###.# #.#
.....#.###.#


You could see a sleepcap.

Vanquished Creatures
  A water moccasin (D:6)
  An adder (D:2)
  4 worms
  2 dart slugs
  An orc (D:2)
  4 ball pythons (D:2)
  6 bats
  4 endoplasms
  4 giant cockroaches
  5 goblins
  4 hobgoblins
  3 jackals (D:1)
  2 quokkas (D:1)
  2 frilled lizards (D:1)
  4 kobolds
  6 rats
53 creatures vanquished.

Notes
Turn   | Place    | Note
-------+----------+-------------------------------------------
     0 | D:1      | CrazyBamboolord the Merfolk Transmuter began the quest for
                  | the Orb.
     0 | D:1      | Reached XP level 1. HP: 15/15 MP: 3/3
   101 | D:1      | Reached XP level 2. HP: 21/21 MP: 3/5
   259 | D:1      | Reached skill level 1 in Poison Magic
   480 | D:1      | Reached XP level 3. HP: 26/26 MP: 4/6
   483 | D:1      | Learned a level 2 spell: Wereblood
   710 | D:1      | Found a faded altar of an unknown god.
   935 | D:2      | Reached skill level 4 in Unarmed Combat
  1130 | D:2      | Learned a level 3 spell: Spider Form
  1417 | D:3      | Reached XP level 4. HP: 32/32 MP: 5/7
  1490 | D:3      | Found a runed translucent door.
  1490 | D:3      | Noticed a bullfrog
  1492 | D:3      | Noticed faxtax's ghost (amateur DsNe)
  1681 | D:2      | Identified the +7 sling of Liymat {flame, rN+ Will+++}
  1942 | D:3      | Found Isisorr's Book Emporium.
  2004 | D:3      | Found a shimmering altar of Xom.
  2008 | D:3      | You fall into a shaft and drop 3 floors!
  2027 | D:6      | Noticed a water moccasin
  2037 | D:6      | Killed a water moccasin
  2038 | D:6      | Reached XP level 5. HP: 4/38 MP: 6/8
  2039 | D:6      | Slain by a sleepcap

Illustrated notes

Levels and vault maps discovered:
D:1:      spicycebolla_arrival_xxxplode, layout_basic,
          ebering_ecumenical_altar_hall
D:2:      minmay_diamond_boxcup, layout_basic
D:3:      layout_basic, xom_teletrap_fun, serial_shops, shop_statue,
          ebering_ghost_sewer_d, kennysheep_generic_room_6, uniq_sigmund,
          uniq_natasha
D:6:      layout_rooms, mainiacjoe_overflow_six_doors_small, uniq_duvessa

Skill      XL: |  1  2  3  4 |
---------------+-------------+-----
Dodging        | 3 |  3.6
Poison Magic   | 1 |  1.7
Transmutations | 3 |  3.7
Unarmed Combat | 4 |  4.7
Fighting       | 2 |  2.0
Stealth        | |  0.6
Spellcasting   | |  2.5

Action                     |  1- 3 |  4- 6 || total
---------------------------+-------+-------++-------
  Melee: Unarmed           |    94 |    55 ||   149
         Headbutt          |    15 |    11 ||    26
         Punch             |     2 |       ||     2
   Cast: Beastly Appendage |    27 |    10 ||    37
    Use: Potion            |       |     2 ||     2
   Stab: Sleeping          |     5 |       ||     5
 Armour: Robe              |    12 |     3 ||    15
  Dodge: Dodged            |    60 |    30 ||    90
